 Dungeon Crawl Stone Soup version 0.22.1-2-g9c5b331383 (webtiles) character file.

120 Peloso the Covered (level 4, -1/41 HPs)
             Began as a Minotaur Fighter on Nov 17, 2018.
             Slain by a river rat (5 damage)
             ... on level 3 of the Dungeon.
             The game lasted 00:03:51 (1579 turns).

Peloso the Covered (Minotaur Fighter)               Turns: 1579, Time: 00:03:52

Health: -1/41      AC:  9    Str: 20    XL:     4   Next: 75%
Magic:  3/3        EV:  5    Int:  8    God:
Gold:   143        SH:  9    Dex: 11    Spells: 3/3 levels left

rFire    . . .     SeeInvis .   a - +0 long sword
rCold    . . .     Gourm    .   c - +0 shield
rNeg     . . .     Faith    .   q - +0 chain mail
rPois    .         Spirit   .   (helmet restricted)
rElec    .         Reflect  .   (no cloak)
rCorr    +         Harm     .   (no gloves)
MR       .....                  (no boots)
Stlth    ..........             (no amulet)
HPRegen  0.13/turn              n - ring of resist corrosion
MPRegen  0.08/turn              p - +3 ring of intelligence

@: no status effects
A: retaliatory headbutt, horns 2
a: no special abilities


You were on level 3 of the Dungeon.
You were very hungry.

You visited 1 branch of the dungeon, and saw 3 of its levels.

You collected 143 gold pieces.

Inventory:

Hand Weapons
 a - a +0 long sword (weapon)
 r - a +3 spear
Armour
 b - a +0 scale mail
 c - a +0 shield (worn)
 q - a +0 chain mail (worn)
Jewellery
 n - a ring of resist corrosion (left hand)
 p - a +3 ring of intelligence (right hand)
Wands
 u - a wand of disintegration (11)
Scrolls
 g - a scroll of enchant armour {unknown}
 h - 2 scrolls of identify {unknown}
 i - a scroll of blinking {unknown}
 k - 2 scrolls of noise {unknown}
 m - a scroll of fear {unknown}
 o - 2 scrolls of remove curse {unknown}
 t - a scroll of teleportation {unknown}
Potions
 d - a potion of might
 e - a potion of magic {unknown}
 j - 2 potions of curing
 l - a potion of ambrosia {unknown}
 s - a potion of brilliance {unknown}
Comestibles
 f - 5 rations


   Skills:
 + Level 4.3 Fighting
 + Level 3.1 Long Blades
 + Level 5.0 Armour
 + Level 0.2 Dodging
 + Level 4.6 Shields


You had 3 spell levels left.
You didn't know any spells.
Your spell library was empty.

Dungeon Overview and Level Annotations

Branches:
Dungeon (3/15)

Altars:
Ashenzari


Innate Abilities, Weirdness & Mutations

You reflexively headbutt those who attack you in melee.
You have a pair of horns on your head.


Message History

You closely miss the rat. You headbutt the rat.
You kill the rat!
Unknown command.
Your shield and chain mail prevent you from hitting the rat.
Your headbutt misses the rat. The rat bites you but does no damage.
Unknown command.
You hit the rat.
You kill the rat!
Unknown command.
A river rat comes into view.
You see here a rat corpse.
You butcher the rat corpse.
You see here a chunk of flesh.
Your shield and chain mail prevent you from hitting the river rat.
The river rat bites you!
* * * LOW HITPOINT WARNING * * *
You barely miss the river rat.
The river rat bites you but does no damage.
The river rat bites you.
You die...

....####.>.......
...............#
#..............#
#..............##
#....?..#'###...#
#.......#.# #...#
#.........#
#...#####
#.....r.#.#
#.......#
####...@..#
#.......#
#####..###.......#
#..%..........
#####.####.......#
...........########
...........'.......
............####....
..$.........# ..
............# .##


You could see a river rat.

Vanquished Creatures
  Jessica (D:2)
  An adder (D:3)
  2 river rats (D:3)
  2 worms (D:2)
  2 dart slugs (D:1)
  A leopard gecko (D:1)
  3 giant cockroaches (D:1)
  4 goblins
  8 hobgoblins
  3 jackals (D:1)
  10 kobolds
  2 quokkas (D:2)
  4 ball pythons
  6 bats
  A frilled lizard (D:2)
  9 rats
59 creatures vanquished.

Notes
Turn   | Place    | Note
-------+----------+-------------------------------------------
     0 | D:1      | Peloso the Minotaur Fighter began the quest for the Orb.
     0 | D:1      | Reached XP level 1. HP: 19/19 MP: 0/0
   112 | D:1      | Reached skill level 4 in Armour
   112 | D:1      | Reached XP level 2. HP: 27/27 MP: 1/1
   531 | D:1      | Reached XP level 3. HP: 33/33 MP: 2/2
   840 | D:2      | Noticed Jessica
   844 | D:2      | Killed Jessica
   844 | D:2      | Reached XP level 4. HP: 40/40 MP: 3/3
  1402 | D:3      | Found a shattered altar of Ashenzari.
  1556 | D:3      | HP: 2/41 [river rat (4)]
  1565 | D:3      | Reached skill level 5 in Armour
  1579 | D:3      | Slain by a river rat

Skill      XL: |  1  2  3  4 |
---------------+-------------+-----
Armour         | 4 5 |  5.0
Shields        | 4 |  4.6
Fighting       | 4 |  4.3
Long Blades    | 3 |  3.1
Dodging        | |  0.2

Action                   |  1- 3 |  4- 6 || total
-------------------------+-------+-------++-------
Melee: Long sword        |    54 |    57 ||   111
       Headbutt          |    12 |    13 ||    25
  Use: Potion            |       |     2 ||     2
  Eat: Chunk             |       |     1 ||     1
Armor: Scale mail        |    18 |     5 ||    23
       Chain mail        |       |    22 ||    22
Dodge: Dodged            |    17 |    13 ||    30
Block: Shield            |    32 |    40 ||    72
       Rpst.: Long sword |     4 |     5 ||     9
